 Dungeon Crawl Stone Soup version 0.28.0-62-gf88900778d (webtiles) character file.

Game seed: 9788345321843117915

140 cbfl8 the Sneak (level 5, -3/26 HPs)
             Began as a Spriggan Brigand on Apr 12, 2024.
             Slain by a gnoll
             ... wielding a +0 halberd
              (12 damage)
             ... on level 2 of the Dungeon.
             The game lasted 00:04:33 (3055 turns).

cbfl8 the Sneak (Spriggan Brigand)                  Turns: 3055, Time: 00:04:33

Health: -3/26      AC:  3    Str:  7    XL:     5   Next: 2%
Magic:  6/6        EV: 17    Int: 13    God:
Gold:   119        SH:  0    Dex: 18    Spells: 4/4 levels left

rFire   . . .      SeeInvis +   a - +2 dagger
rCold   . . .      Faith    .   (no shield)
rNeg    . . .      Spirit   .   b - +0 robe
rPois   .          Reflect  .   (helmet restricted)
rElec   .          Harm     .   c - +0 cloak
rCorr   .          Rampage  .   (gloves unavailable)
Will    .....                   (boots unavailable)
Stlth   ++++......              (no amulet)
HPRegen 0.08/turn               (no ring)
MPRegen 0.10/turn               (no ring)

@: very quick
A: very small, no large weapons, unfitting armour, see invisible, speed 3
a: no special abilities


You were on level 2 of the Dungeon.
You visited 1 branch of the dungeon, and saw 2 of its levels.

You collected 119 gold pieces.

Inventory:

Hand Weapons
 a - a +2 dagger (weapon)
Missiles
 d - 9 poisoned darts (quivered)
 e - 2 curare-tipped darts
Armour
 b - a +0 robe (worn)
 c - a +0 cloak (worn)
Scrolls
 h - 2 scrolls of identify {unknown}
 i - a scroll of holy word {unknown}
 k - a scroll of fog {unknown}
Potions
 f - a potion of heal wounds {unknown}
 g - 2 potions of curing {unknown}
 j - a potion of haste {unknown}


   Skills:
 + Level 1.8 Fighting
 + Level 3.0 Short Blades
 + Level 2.0 Throwing
 + Level 2.1 Dodging
 + Level 7.6 Stealth
 * Level 3.1 Evocations


You had 4 spell levels left.
You didn't know any spells.
Your spell library contained the following spells:

 Spells                   Type           Power      Damage    Failure   Level
 Gell's Gravitas          Tloc           0%         N/A       67%         3
 Lesser Beckoning         Tloc           0%         N/A       67%         3
 Teleport Other           Tloc           0%         N/A       67%         3


Dungeon Overview and Level Annotations

Branches:
Dungeon (2/15)

Altars:
Qazlal


Innate Abilities, Weirdness & Mutations

You are very small and have problems with some larger weapons.
You are too small for most types of armour.
You have supernaturally acute eyesight. (SInv)
You cover ground extremely quickly. (Speed+++)


Message History

There is a large open door here.
You hit the gnoll but do no damage.
The gnoll is lightly wounded.
The gnoll misses you.
You hit the gnoll.
The gnoll is moderately wounded.
You hit the gnoll.
The gnoll is heavily wounded.
The gnoll barely misses you.
You hit the gnoll.
The gnoll is almost dead.
You kill the gnoll!
You have reached level 5!
You feel clever.
Things that are here:
a +2 vorpal flail; a gnoll corpse
d - 10 poisoned darts (gained 1) Throw: 10 darts (poison)
Press: ? - help, Q - select action, (/) - cycle Shift-Dir - straight line, f - gnoll
Aim: a gnoll, wielding a +0 halberd (wandering, hasn't noticed you, 65% to hit)
You throw a poisoned dart. The poisoned dart hits the gnoll.
The gnoll is poisoned.
The gnoll shouts!
The gnoll closely misses you.
You hit the gnoll but do no damage.
The gnoll is moderately wounded.
The gnoll hits you with a +0 halberd.
You hit the gnoll.
The gnoll is severely wounded.
The gnoll hits you with a +0 halberd!
Ouch! That really hurt!
You barely miss the gnoll.
The gnoll is severely wounded.
The gnoll misses you.
You hit the gnoll but do no damage.
The gnoll is severely wounded.
You hit the gnoll.
The gnoll is almost dead.
The gnoll looks more healthy.
The gnoll hits you with a +0 halberd!
You die...

.#..#
............##.........
....#
...............#####.####
....# ................#
#.#### #...#
......≈..≈.......# #.....
##..# .......##........#
###### #..#
.....§.##...(....#
#..#.......≈..≈.......#
#.##........§..g......#
######
##.##...........@......#
#.....
.#..##................##
#.#### .##.#
#..............### #.#
.##.# ##............##.#
#.# .##.#
##).........##.## #.#
.##.# ##...))...###.# #.#
.##.# #####''######.# #.#
.##.# ##)...).# #...#
#.## .##.####.#.#####
#.### #..#


You could see a gnoll.

Vanquished Creatures
  Crazy Yiuf (D:2)
  Jessica (D:2)
  3 gnolls (D:2)
  An adder (D:2)
  A worm (D:2)
  2 dart slugs
  7 ball pythons
  An endoplasm (D:2)
  4 giant cockroaches
  A goblin (D:2)
  4 hobgoblins
  3 jackals (D:1)
  2 quokkas
  2 bats
  A frilled lizard (D:2)
  2 kobolds
  7 rats
43 creatures vanquished.

Notes
Turn   | Place    | Note
-------+----------+-------------------------------------------
     0 | D:1      | cbfl8 the Spriggan Brigand began the quest for the Orb.
     0 | D:1      | Reached XP level 1. HP: 10/10 MP: 2/2
   148 | D:1      | Reached skill level 1 in Evocations
   176 | D:1      | Reached skill level 6 in Stealth
   255 | D:1      | Reached XP level 2. HP: 12/14 MP: 3/3
  1041 | D:2      | Reached XP level 3. HP: 18/18 MP: 4/4
  1211 | D:2      | Found a runed translucent door.
  1212 | D:2      | Noticed Crazy Yiuf
  1219 | D:2      | Killed Crazy Yiuf
  1220 | D:2      | Reached skill level 7 in Stealth
  1538 | D:2      | Reached XP level 4. HP: 23/23 MP: 5/5
  1671 | D:2      | Found a stormy altar of Qazlal.
  2168 | D:2      | Noticed Jessica
  2290 | D:2      | Killed Jessica
  3040 | D:2      | Reached XP level 5. HP: 26/26 MP: 6/6
  3055 | D:2      | Slain by a gnoll

Illustrated notes

Levels and vault maps discovered:
D:1:      minmay_arrival_four_circles, layout_basic, nrook_mini_vaults,
          st_stairs_14, serial_bayou_pond_a
D:2:      kennysheep_big_flooded_room, layout_loops_ring, basic_altar,
          uniq_jessica, uniq_crazy_yiuf_cottage

Skill      XL: |  1  2  3  4 |
---------------+-------------+-----
Evocations     | 1 2 3 |  3.1
Stealth        | 6 7 |  7.6
Short Blades   | 3 |  3.0
Dodging        | 2 |  2.1
Fighting       | |  1.8
Throwing       | |  2.0

Action                   |  1- 3 |  4- 6 || total
-------------------------+-------+-------++-------
Melee: Dagger            |    71 |    53 ||   124
Throw: Dart              |       |     6 ||     6
 Stab: Sleeping          |    19 |       ||    19
Armor: Robe              |     8 |     5 ||    13
Dodge: Dodged            |    28 |    37 ||    65
